 Dungeon Sprint DCSS version 0.30.1-11-g7821555f0a (webtiles) character file.

Game seed: 2101305975461375429

2675 Groucho the Unseen (level 9, 0/75 HPs)
             Began as a Merfolk Berserker on Dec 24, 2023.
             Was an Elder of Trog.
             Slain by an unseen horror (1 damage)
             ... in the Dungeon (Sprint I: "Red Sonja").
             The game lasted 00:02:18 (988 turns).

Groucho the Unseen (Merfolk Berserker)               Turns: 988, Time: 00:02:19

Health: 0/75       AC:  2    Str: 17    XL:     9   Next: 64%
Magic:  9/9        EV: 17    Int:  7    God:    Trog [****..]
Gold:   455        SH:  0    Dex: 17    Spells: 8/8 levels left

rFire   . . .        i - +2 dagger (drain)
rCold   . . .        (no shield)
rNeg    . . .        b - +0 animal skin
rPois   .            (no helmet)
rElec   .            (no cloak)
rCorr   .            (no gloves)
SInv    .            (no boots)
Will    .....        (no amulet)
Stlth   +++++++      (no ring)
HPRegen 0.32/turn    (no ring)
MPRegen 0.11/turn

%: no teleportation
@: no status effects
A: (nimble swimmer 2), mertail
a: Renounce Religion, Berserk, Trog's Hand, Brothers in Arms


You were in the Dungeon.
You worshipped Trog.
Trog was greatly pleased with you.
You visited 1 branch You collected 537 gold pieces.
You spent 82 gold pieces at shops.

Inventory:

Hand Weapons
 a - a +0 short sword
 i - a +2 dagger of draining (weapon)
Armour
 b - a +0 animal skin (worn)
 j - a +0 chain mail
Wands
 d - a wand of paralysis (8)
Scrolls
 h - 2 scrolls of blinking
 l - a scroll of amnesia {unknown}
Potions
 c - a potion of curing
 e - a potion of haste
 f - 2 potions of magic
 g - a potion of berserk rage
 k - a potion of degeneration {unknown}


   Skills:
 + Level 8.4 Fighting
 + Level 9.2 Short Blades
 + Level 5.5 Armour
 + Level 9.5 Dodging
 + Level 19.3 Stealth


You had 8 spell levels left.
You didn't know any spells.
Your spell library was empty.

Dungeon Overview and Level Annotations

Branches:
Dungeon (1/1)

Altars:
Cheibriados
Dithmenos
Elyvilon
Fedhas
Gozag
Hepliaklqana
Kikubaaqudgha
Makhleb
Nemelex Xobeh
Okawaru
Qazlal
Ru
Sif Muna
Trog
Uskayaw
Vehumet
Wu Jian
Xom
Yredelemnul
Zin
The Shining One
Jiyva
Lugonu

Shops:
D *


Innate Abilities, Weirdness & Mutations

((You are very nimble when in or above water. (Stealth+, EV+, Speed+++)))
Your lower body shifts to a powerful aquatic tail in water.


Message History

Trog accepts your kill.
Your Short Blades skill increases to level 9!
Unknown command.
Unknown command.
You see here a redback corpse.
You open the door. 2 jellies and a floating eye come into view.
The jelly moves out of view. x2
A jelly comes into view.
The jelly moves out of view.
There is an open door here.
The helpless floating eye fails to defend itself.
You perforate the floating eye like a sieve!!!!!
You kill the floating eye!
Trog accepts your kill.
Unknown command.
You close the door.
You see here a redback corpse.
You now have 374 gold pieces (gained 27).
You now have 401 gold pieces (gained 27).
You now have 428 gold pieces (gained 27).
You now have 455 gold pieces (gained 27).
You open the door.
There is an open door here.
Deactivating autopickup; reactivate with Ctrl-A.
You barely miss something. Something hits you. x2
Something barely misses you. x2; Something hits you!
Unknown command.
Something hits you. x2; Something hits you!
Something hits you. x3
Something hits you! Something hits you. Something hits you.
* * * LOW HITPOINT WARNING * * *
Something closely misses you. Something hits you!
* * * LOW HITPOINT WARNING * * *
Something hits you.
* * * LOW HITPOINT WARNING * * *
Something hits you.
You die...

__##'#_.'~§§§§+..#
..÷'..._#~§§§§#..#
__##_.#'##+#####'###
__###+#)# #.'.# ###
### ###.# #.#
##########.#
#.....§{##§#
#.....§{@§§#
#+++######§#
JJJ.§§§#.# #+§# ####


There were no monsters in sight!

Vanquished Creatures
  2 centaur warriors (D)
  An oklob plant (D)
  A hornet (D)
  A slime creature (D)
  Sigmund (D)
  A yak (D)
  2 redbacks (D)
  A floating eye (D)
  An ogre (D)
  A jelly (D)
  Ijyb (D)
13 creatures vanquished.

Notes
Turn   | Place    | Note
-------+----------+-------------------------------------------
     0 | D        | Groucho the Merfolk Berserker began the quest for the Orb.
     0 | D        | Reached XP level 1. HP: 18/18 MP: 1/1
     2 | D        | Noticed Ijyb
    12 | D        | Killed Ijyb
    13 | D        | Reached skill level 6 in Stealth
    13 | D        | Reached XP level 2. HP: 23/24 MP: 2/2
    13 | D        | Reached XP level 3. HP: 27/29 MP: 3/3
   274 | D        | Noticed an ogre
   281 | D        | Killed an ogre
   282 | D        | Reached skill level 10 in Stealth
   282 | D        | Reached XP level 4. HP: 12/35 MP: 4/4
   684 | D        | Noticed Sigmund
   686 | D        | Killed Sigmund
   686 | D        | Reached ** piety under Trog
   687 | D        | Reached skill level 14 in Stealth
   687 | D        | Reached XP level 5. HP: 41/41 MP: 5/5
   687 | D        | Reached XP level 6. HP: 47/47 MP: 6/6
   699 | D        | Found a shimmering blue altar of Sif Muna.
   700 | D        | Found an ornate altar of the Wu Jian Council.
   701 | D        | Found a radiant altar of Vehumet.
   707 | D        | Found Qepotwe's General Store.
   707 | D        | Found an ancient bone altar of Kikubaaqudgha.
   707 | D        | Found a hazy altar of Hepliaklqana.
   707 | D        | Found a stormy altar of Qazlal.
   707 | D        | Found a hide-covered altar of Uskayaw.
   707 | D        | Found a blossoming altar of Fedhas.
   707 | D        | Found a bloodstained altar of Trog.
   707 | D        | Found an iron altar of Okawaru.
   707 | D        | Found a basalt altar of Yredelemnul.
   707 | D        | Found a glowing golden altar of the Shining One.
   707 | D        | Found a snail-covered altar of Cheibriados.
   707 | D        | Found a sacrificial altar of Ru.
   707 | D        | Found a glowing silver altar of Zin.
   707 | D        | Found a shadowy altar of Dithmenos.
   707 | D        | Found a white marble altar of Elyvilon.
   707 | D        | Noticed a yak
   708 | D        | Found an opulent altar of Gozag.
   709 | D        | Killed a yak
   710 | D        | Reached skill level 16 in Stealth
   710 | D        | Found a sparkling altar of Nemelex Xobeh.
   714 | D        | Bought a scroll of blinking for 82 gold pieces
   747 | D        | Found a burning altar of Makhleb.
   747 | D        | Found a shimmering altar of Xom.
   747 | D        | Noticed a slime creature
   748 | D        | Found a viscous altar of Jiyva.
   748 | D        | Found a corrupted altar of Lugonu.
   757 | D        | Killed a slime creature
   758 | D        | Reached skill level 17 in Stealth
   758 | D        | Reached XP level 7. HP: 52/52 MP: 7/7
   906 | D        | Noticed a centaur warrior
   908 | D        | Noticed a centaur warrior
   911 | D        | Killed a centaur warrior
   911 | D        | Reached *** piety under Trog
   912 | D        | Reached skill level 5 in Fighting
   912 | D        | Reached skill level 18 in Stealth
   912 | D        | Reached XP level 8. HP: 63/63 MP: 8/8
   912 | D        | Killed a centaur warrior
   913 | D        | Reached XP level 9. HP: 71/71 MP: 9/9
   923 | D        | Noticed a hornet
   926 | D        | Killed a hornet
   937 | D        | Noticed an oklob plant
   939 | D        | Killed an oklob plant
   939 | D        | Reached **** piety under Trog
   940 | D        | Reached skill level 5 in Armour
   940 | D        | Reached skill level 19 in Stealth
   988 | D        | HP: 1/75 [something (6)]
   988 | D        | Slain by an unseen horror

Illustrated notes

Levels and vault maps discovered:
D:        dungeon_sprint_1 [red_sonja_temple_1, red_sonja_temple_small_1]

Skill      XL: |  1  2  3  4  5  6  7  8  9 |
---------------+----------------------------+-----
Stealth        | 6 10 14 17 18 19 | 19.3
Fighting       | 5 6 8 |  8.4
Short Blades   | 6 7 9 |  9.2
Armour         | 3 4 5 |  5.5
Dodging        | 6 7 9 |  9.5

Action                     |  1- 3 |  4- 6 |  7- 9 || total
---------------------------+-------+-------+-------++-------
  Melee: Short sword       |     7 |       |       ||     7
         Dagger            |     5 |    10 |     8 ||    23
 Invoke: Berserk           |     2 |     1 |       ||     3
    Use: Potion            |     1 |       |       ||     1
   Stab: Sleeping          |     1 |     3 |     7 ||    11
  Dodge: Dodged            |     3 |     2 |     3 ||     8
